 Dungeon Crawl Stone Soup version 0.31-a0-559-g03b8d61ab2 (webtiles) character file.

Game seed: 11138699565998319317

3474 MacCMillion the Grappler (level 10, 0/70 (79) HPs)
             Began as a Merfolk Shapeshifter on Aug 17, 2023.
             Was a Follower of Trog.
             Slain by a wight
             ... wielding a +4 flail
              (1 damage)
             ... on level 8 of the Dungeon.
             The game lasted 00:21:45 (11018 turns).

MacCMillion the Grappler (Merfolk Shapeshifter)    Turns: 11018, Time: 00:21:45

HP:   0/70 (79)     AC:  5    Str: 19    XL:     10   Next: 6%
MP:   10/10         EV: 11    Int:  8    God:    Trog [*.....]
Gold: 381           SH:  0    Dex: 15    Spells: 9/9 levels left

rFire   . .          .
                       - Unarmed
rCold   . . .        (no shield)
rNeg    . . .        u - +0 ring mail
rPois   .            (helmet currently unavailable)
rElec   .            (cloak currently unavailable)
rCorr   .            (gloves currently unavailable)
SInv    .            (boots currently unavailable)
Will    +....        t - amulet of the acrobat
Stlth   +            l - ring of willpower
HPRegen 0.31/turn    (no ring)
MPRegen 0.12/turn

%: acrobat
@: beast-form, on berserk cooldown, slowed, heavily drained, very slow
A: beast (slay +4), (nimble swimmer 2), mertail
a: Begin Untransformation, Renounce Religion, Berserk


You were on level 8 of the Dungeon.
You worshipped Trog.
Trog was aware of your devotion.
You were a hulking beast.
You visited 1 branch of the dungeon, and saw 8 of its levels.
You also visited: Sewer.

You collected 381 gold pieces.

Inventory:

Missiles
 r - 23 poisoned darts (quivered)
 G - a throwing net
 H - 3 boomerangs
 K - 6 curare-tipped darts
Armour
 a - a +0 animal skin
 u - a +0 ring mail (worn)
Jewellery
 l - a ring of willpower (left hand)
 t - an amulet of the acrobat (around neck)
 B - a +6 ring of strength
Talismans
 c - a beast talisman (active)
 d - a flux talisman
 o - a blade talisman
Wands
 J - a wand of quicksilver (6)
Scrolls
 b - a scroll of fear
 e - 2 scrolls of enchant armour {unknown}
 f - 2 scrolls of teleportation {unknown}
 h - 3 scrolls of poison {unknown}
 i - a scroll of fog {unknown}
 k - 2 scrolls of revelation {unknown}
 m - 4 scrolls of vulnerability {unknown}
 p - a scroll of brand weapon {unknown}
 w - a scroll of acquirement {unknown}
 x - 5 scrolls of noise {unknown}
 y - a scroll of immolation {unknown}
 F - 2 scrolls of amnesia {unknown}
Potions
 g - 2 potions of haste
 j - 2 potions of heal wounds
 n - a potion of berserk rage
 q - a potion of attraction
 s - a potion of brilliance {unknown}
 v - 3 potions of magic
 z - a potion of invisibility {unknown}
 A - a potion of experience {unknown}
 C - 3 potions of mutation {unknown}
 D - a potion of resistance {unknown}
 E - a potion of might {unknown}
 I - 2 potions of curing {unknown}
 L - a potion of ambrosia {unknown}


   Skills:
 + Level 7.2 Fighting
 - Level 2.6 Dodging
 + Level 10.7 Unarmed Combat
 + Level 9.8 Shapeshifting


You had 9 spell levels left.
You didn't know any spells.
Your spell library contained the following spells:

 Spells                   Type           Power      Damage    Failure   Level
 Foxfire                  Conj/Fire      0%         2x1d4     58%         1
 Necrotise                Necr           0%         1d4       58%         1
 Blink                    Tloc           0%         N/A       75%         2
 Scorch                   Fire           0%         2d5       75%         2
 Static Discharge         Conj/Air       0%         2-2/arc   75%         2
 Inner Flame              Hex/Fire       0%         N/A       92%         3
 Vampiric Draining        Necr           0%         2d6       92%         3
 Airstrike                Air            0%         2d(0-16)  100%        4
 Flame Wave               Conj/Fire      0%         2d4       100%        4
 Manifold Assault         Tloc           0%         N/A       100%        4
 Olgreb's Toxic Radiance  Pois           0%         N/A       100%        4
 Summon Lightning Spire   Summ/Air       0%         N/A       100%        4
 Agony                    Necr           0%         N/A       100%        5
 Yara's Violent Unravell  Hex/Tmut       0%         3d3       100%        5
 Plasma Beam              Fire/Air       0%         2x1d10    100%        6
 Starburst                Conj/Fire      0%         6d3       100%        6
 Summon Cactus Giant      Summ           0%         N/A       100%        6
 Enfeeble                 Hex            0%         N/A       100%        7
 Discord                  Hex            0%         N/A       100%        8
 Ignition                 Fire           0%         3d3       100%        8


Dungeon Overview and Level Annotations

Branches:
Dungeon (8/15)             Temple (0/1) D:7           Sewer (visited)
   Lair: D:8-11

Altars:
Dithmenos
Fedhas
Kikubaaqudgha
Trog
Uskayaw
Wu Jian
The Shining One

Shops:
D:1 =!   D:2 (   D:5 :


Innate Abilities, Weirdness & Mutations

You are a hulking beast.
Your limbs bulge with bestial killing power. (Slay +4)
((You are very nimble when in or above water. (Stealth+, EV+, Speed+++)))
Your lower body shifts to a powerful aquatic tail in water.


Message History

You hit the wight.
The wight is lightly damaged.
The wight hits you with a +5 battleaxe of freezing.
You feel drained. The wight freezes you.
You punch the wight!
You destroy the wight!
Trog accepts your kill.
A wight comes into view. It is wielding a +3 morningstar.
Things that are here:
a +5 battleaxe of freezing; a +0 robe A wight comes into view.
It is wielding a +0 war axe.
There is a stone staircase leading up here.
You climb upwards.
There is a stone staircase leading down here.
You start resting.
HP restored.
You climb downwards.
The wight closely misses you.
The wight hits you with a +3 morningstar!
You feel drained. The wight barely misses you.
The wight hits you with a +0 war axe! The wight barely misses you.
There is a stone staircase leading up, spattered with blood here.
Okay, then.
You completely miss the wight.
The wight hits you with a +3 morningstar.
You feel drained. The wight hits you with a +0 war axe.
You punch the wight!
The wight is severely damaged.
The wight hits you with a +3 morningstar.
You feel drained. The wight closely misses you.
The wight hits you with a +4 flail!
* * * LOW HITPOINT WARNING * * *
You feel drained.
* * * LOW HITPOINT WARNING * * *
Unknown command.
The wight hits you with a +0 war axe.
* * * LOW HITPOINT WARNING * * *
The wight barely misses you. The wight hits you with a +4 flail!
* * * LOW HITPOINT WARNING * * *
You feel drained.
You die...

#...### #._.#..
#.....## .#.#..#
###.#...##..#..#
##...#.#..##...##
#......##..##
#......###..##
#......# ##..#
#zz..### #..#
#h#.## #.Y..
#z#.# #.#.##
#[#†# #...# #.#.#
#YY## #.#z# .Y.
#.#†# ....
######.#.#
..........#
#######.###


You could see 3 wights.

Vanquished Creatures
  5 yaks (D:8)
  Eustachio (D:6)
  Menkaure (D:5)
  Duvessa (D:7)
  4 water moccasins
  3 black bears
  An ice beast (D:7)
  A centaur (D:5)
  An ogre (D:5)
  A phantom (D:6)
  A bullfrog (D:7)
  2 kobold brigands
  A gnoll sergeant (D:6)
  4 wights
  Dowan (D:7)
  A jelly (D:4)
  A gnoll bouda (D:6)
  2 hounds
  3 orc priests
  4 iguanas
  4 orc wizards
  Robin (D:2)
  7 adders
  11 gnolls
  10 river rats (Sewer)
  5 dart slugs
  A worm (D:2)
  19 orcs
  5 bats
  10 endoplasms
  4 giant cockroaches
  10 goblins
  10 hobgoblins
  12 jackals
  7 quokkas
  13 ball pythons
  5 frilled lizards
  26 kobolds
  23 rats
222 creatures vanquished.

Notes
Turn   | Place    | Note
-------+----------+-------------------------------------------
     0 | D:1      | MacCMillion the Merfolk Shapeshifter began the quest for
                  | the Orb.
     0 | D:1      | Reached XP level 1. HP: 15/15 MP: 1/1
    84 | D:1      | Found Hechy's Distillery.
   113 | D:1      | Reached XP level 2. HP: 18/22 MP: 2/2
   154 | D:1      | Found Azo Pemeqa's Jewellery Shoppe.
   524 | D:1      | Reached XP level 3. HP: 22/27 MP: 3/3
   526 | D:1      | Reached skill level 4 in Unarmed Combat
  1458 | D:2      | Reached XP level 4. HP: 33/34 MP: 4/4
  1613 | D:2      | Noticed Robin
  1725 | D:2      | Found Xuseucun's Weapon Shoppe.
  2243 | D:2      | Killed Robin
  2653 | D:2      | Found Xuseucun's Weapon Shoppe.
  3317 | D:3      | Reached skill level 5 in Unarmed Combat
  3317 | D:3      | Reached XP level 5. HP: 30/41 MP: 5/5
  3467 | D:3      | Identified the +0 scale mail "Hibyri" {rC+}
  3642 | D:4      | HP: 2/42 [orc priest/+0 dagger of speed (4)]
  3650 | D:4      | HP: 2/42 [orc wizard/+0 dagger (2)]
  4327 | D:4      | Reached XP level 6. HP: 48/48 MP: 6/6
  4450 | D:4      | Reached skill level 6 in Unarmed Combat
  5462 | D:5      | Entered Level 5 of the Dungeon
  5561 | D:5      | Noticed a black bear
  5597 | D:5      | Found Necop's Self-Published Books.
  5605 | D:5      | Reached XP level 7. HP: 24/55 MP: 7/7
  5636 | D:5      | Reached skill level 7 in Unarmed Combat
  5702 | D:5      | Reached skill level 5 in Fighting
  5726 | D:5      | Found a glowing drain.
  5740 | Sewer    | Entered a sewer
  6128 | Sewer    | Reached skill level 8 in Unarmed Combat
  6554 | D:5      | Reached XP level 8. HP: 40/64 MP: 8/8
  6944 | D:5      | Found a bloodstained altar of Trog.
  6959 | D:5      | Found an ancient bone altar of Kikubaaqudgha.
  6962 | D:5      | Found a hide-covered altar of Uskayaw.
  6965 | D:5      | Found a blossoming altar of Fedhas.
  7008 | D:5      | Noticed Menkaure
  7239 | D:5      | Killed Menkaure
  7240 | D:5      | Reached skill level 9 in Unarmed Combat
  7361 | D:5      | Found an ornate altar of the Wu Jian Council.
  7375 | D:5      | Noticed a spectral centipede
  7375 | D:5      | Noticed a spectral black mamba
  7420 | D:5      | Became a worshipper of Trog the Wrathful
  8050 | D:6      | Reached skill level 10 in Unarmed Combat
  8081 | D:6      | Noticed Eustachio
  8090 | D:6      | Killed Eustachio
  8091 | D:6      | Reached skill level 5 in Shapeshifting
  8211 | D:6      | Reached * piety under Trog
  8466 | D:6      | Found a shadowy altar of Dithmenos.
  8539 | D:6      | Reached XP level 9. HP: 53/69 MP: 9/9
  9602 | D:7      | Noticed Dowan
  9603 | D:7      | Noticed Duvessa
  9723 | D:6      | HP: 3/69 [kobold/+0 short sword (1)]
 10023 | D:7      | Killed Duvessa
 10148 | D:7      | Killed Dowan
 10249 | D:7      | Found a staircase to the Ecumenical Temple.
 10951 | D:8      | Found a glowing golden altar of the Shining One.
 10990 | D:8      | Reached XP level 10. HP: 79/79 MP: 10/10
 11018 | D:8      | HP: 1/72 [wight/+4 flail (8)]
 11018 | D:8      | Slain by a wight

Illustrated notes

Levels and vault maps discovered:
D:1:      evilmike_arrival_hilbert_curve, layout_basic, serial_shops, shop,
          nicolae_square_shop
D:2:      layout_loops_ring, serial_shops, nicolae_shop_pleasant_corner_grove,
          minmay_unequal, uniq_robin
D:3:      layout_rooms
D:4:      layout_loops_cross
D:5:      layout_rooms, pdpol_wu_jian_five_deadly_venoms,
          grunt_temple_overflow_cloverleaf, portal_sewer_entry_f,
          nicolae_custom_books, ebering_dispersal_statue_hall,
          kennysheep_decorative_pillar, uniq_menkaure
D:6:      layout_basic, grunt_dithmenos_smoke_and_mirrors,
          nicolae_grassy_gnolls, uniq_eustachio
D:7:      layout_loops_ring, minmay_temple_entry_drinking_statues,
          nicolae_titane, uniq_duvessa
D:8:      layout_loops_ring, tso_metal_star, david_lair_generic

Skill      XL: |  1  2  3  4  5  6  7  8  9 |
---------------+----------------------------+-----
Fighting       | 2 3 4 5 6 7 |  7.2
Unarmed Combat | 4 5 6 8 10 | 10.7
Shapeshifting  | 6 9 |  9.8
Dodging        | |  2.6

Action                     |  1- 3 |  4- 6 |  7- 9 | 10-12 || total
---------------------------+-------+-------+-------+-------++-------
  Melee: Unarmed           |    99 |   173 |   324 |     7 ||   603
         Punch             |     2 |     3 |    23 |       ||    28
         Tailslap          |       |       |     9 |       ||     9
  Throw: Dart              |       |       |     4 |       ||     4
         Throwing net      |       |       |     1 |       ||     1
 Invoke: Berserk           |       |       |     5 |       ||     5
    Use: Potion            |       |     1 |     2 |       ||     3
         Scroll            |       |       |     6 |       ||     6
   Stab: Sleeping          |     4 |     3 |       |       ||     7
 Armour: Animal skin       |    16 |    15 |       |       ||    31
         Skin              |       |     4 |       |       ||     4
         Ring mail         |       |     6 |    45 |       ||    51
  Dodge: Dodged            |    46 |    92 |   175 |     7 ||   320

Table legend: (Time is in decaauts)
 A = Elapsed time spent in this place.
 B = Non-inter-level travel time spent in this place.
 C = Inter-level travel time spent in this place.
 D = Time resting spent in this place.
 E = Time spent auto-exploring this place.
 F = Levels seen in this place.
 G = Mean time per level.
                   A        B        C        D        E       F      G
               +--------+--------+--------+--------+--------+-----+--------+
         Total |  10916 |  10340 |    576 |   3297 |   5055 |   9 | 1212.9 |
       Dungeon |  10220 |   9644 |    576 |   3118 |   4824 |   8 | 1277.5 |
         Sewer |    695 |    695 |      0 |    179 |    231 |   1 |  695.0 |
               +--------+--------+--------+--------+--------+-----+--------+

Top non-repeatable levels by time:
     D:6: 2473 daAuts
     D:2: 1773 daAuts
     D:4: 1594 daAuts
     D:5: 1179 daAuts
     D:1: 1131 daAuts
     D:7: 1038 daAuts
     D:3: 954 daAuts
   Sewer: 695 daAuts
     D:8: 76 daAuts
